 Dungeon Crawl Stone Soup version 0.31-a0-632-g766dd24fdf (webtiles) character file.

Game seed: 12656831672812733445

3070 thirtiethelement the Slicer (level 9, 0/68 HPs)
             Began as a Demonspawn Hunter on Aug 26, 2023.
             Was an Elder of Trog.
             Shot with an arrow by a centaur (12 damage)
             ... on level 8 of the Dungeon.
             The game lasted 00:16:32 (5534 turns).

thirtiethelement the Slicer (Demonspawn Hunter)     Turns: 5534, Time: 00:16:32

Health: 0/68       AC: 23    Str: 13    XL:     9   Next: 58%
Magic:  9/9        EV:  8    Int: 10    God:    Trog [****..]
Gold:   110        SH:  4    Dex: 26    Spells: 8/8 levels left

rFire   . . .        b - +3 rapier (elec)
rCold   . . .        (no shield)
rNeg    . . .        n - +2 chain mail {Will+}
rPois   .            (no helmet)
rElec   .            f - +1 cloak
rCorr   .            (no gloves)
SInv    +            (no boots)
Will    +++..        (no amulet) Stlth
                     E - +6 ring of dexterity
HPRegen 1.31/turn    j - ring of see invisible
MPRegen 0.11/turn

%: no passive effects
@: lethally poisoned (0 -> -1), strong-willed, on berserk cooldown,
regenerating, slowed, very slow
A: hooves 2, icemail 2, sharp scales 2, condensation shield
a: Renounce Religion, Berserk, Trog's Hand, Brothers in Arms


You were on level 8 of the Dungeon.
You worshipped Trog.
Trog was greatly pleased with you.
You visited 1 branch of the dungeon, and saw 8 of its levels.
You also visited: Ossuary.

You collected 448 gold pieces.
You spent 338 gold pieces at shops.

Inventory:

Hand Weapons
 a - a +0 shortbow
 b - a +3 rapier of electrocution (weapon)
Missiles
 e - 2 poisoned darts
 g - 3 throwing nets
Armour
 f - a +1 cloak (worn)
 n - a +2 chain mail of willpower (worn)
Jewellery
 d - a +5 ring of evasion
 j - a ring of see invisible (right hand)
 p - a +6 ring of strength
 w - a +5 ring of evasion
 B - a ring of protection from fire
 E - a +6 ring of dexterity (left hand)
Wands
 x - a wand of paralysis (18)
 C - a wand of flame (25)
Scrolls
 l - 5 scrolls of teleportation
 m - 5 scrolls of vulnerability
 t - a scroll of fear
 y - 2 scrolls of revelation
Potions
 c - a potion of cancellation
 h - 6 potions of haste
 i - 2 potions of ambrosia
 k - a potion of attraction {unknown}
 o - 2 potions of enlightenment
 q - a potion of brilliance {unknown}
 r - 2 potions of invisibility
 s - a potion of magic {unknown}
 u - 2 potions of mutation
 v - 4 potions of lignification
 z - a potion of berserk rage {unknown}
 A - 2 potions of resistance
 F - a potion of curing {unknown}
 G - a potion of might


   Skills:
 + Level 5.4 Fighting
 + Level 8.5 Short Blades
 + Level 4.3 Ranged Weapons
 + Level 4.6 Armour
 + Level 3.5 Dodging
 + Level 1.3 Stealth
 + Level 3.6 Shields


You had 8 spell levels left.
You didn't know any spells.
Your spell library contained the following spells:

 Spells                   Type           Power      Damage    Failure   Level
 Slow                     Hex            0%         N/A       100%        1


Dungeon Overview and Level Annotations

Branches:
Dungeon (8/15)             Temple (0/1) D:4         Ossuary (visited)
   Lair: D:8-11

Altars:
Trog
Wu Jian

Shops:
D:7 !

Annotations:
D:5 3 runed translucent doors, Iich's ghost, novice DsSh
D:6 Jeremiah


Innate Abilities, Weirdness & Mutations

You have hoof-like feet.
A meltable icy envelope protects you from harm. (AC +8)
You are mostly covered in razor-sharp scales. (AC +2, Slay +2)
A meltable shield of frost defends you. (SH +4)


Message History

The howler monkey misses you.
The howler monkey hits you but does no damage.
The centaur shoots an arrow.
The arrow hits you but does no damage.
The howler monkey hits you but does no damage.
The kobold throws a poisoned dart.
The poisoned dart hits you!
You are poisoned.
The howler monkey hits you but does no damage.
The centaur unwields a +0 orcbow.
The centaur closely misses you. The centaur kicks you.
* * * LOW HITPOINT WARNING * * *
The howler monkey barely misses you.
A kobold brigand comes into view.
It is wielding a +0 club and quivering poisoned darts.
The howler monkey hits you.
* * * LOW HITPOINT WARNING * * *
There is a stone staircase leading up, spattered with blood here.
You feel very sick. The centaur closely misses you.
The centaur barely misses you.
The howler monkey hoots and howls with incredible vigour!
The kobold enters a dispersal trap!
The kobold blinks!
The howler monkey blinks! x2; The centaur blinks!
The kobold blinks! x2
The centaur blinks!
The kobold brigand blinks!
The howler monkey blinks! x2
You blink.
Found 3 stones.
You stop ascending the stairs.
A kobold comes into view. It is wielding a +0 short sword.
Your skin crawls.
You feel strong-willed. Trog will no longer gift you weapons.
You feel sick.
The centaur wields a +0 orcbow.
The centaur shoots an arrow.
The arrow hits you but does no damage.
The kobold throws a stone.
The stone closely misses you.
The howler monkey hoots and howls with incredible vigour!
The centaur shoots an arrow.
The arrow hits you but does no damage.
You puncture the kobold!
You kill the kobold!
Trog accepts your kill.
You feel sick.
The centaur shoots an arrow.
The arrow hits you but does no damage.
The howler monkey hoots and howls with incredible vigour!
The centaur shoots an arrow.
You block the arrow.
You feel sick.
The centaur shoots an arrow.
The arrow hits you!
You die...

#.........=....
..#....K.........#
#.....†.........(#
###.....h........#
#..............#
#..K.K.........#
#.....)........#
#..!...........#
#......h@.c.....
##############.#


You could see a kobold brigand, a centaur, 2 howler monkeys and 2 kobolds.

Vanquished Creatures
  A wyvern (D:7)
  A steam dragon (D:6)
  A water moccasin (D:5)
  A black bear (D:7)
  4 sky beasts
  3 ogres
  A phantom (D:6)
  3 centaurs
  A bullfrog (D:5)
  A gnoll sergeant (D:7)
  4 scorpions
  4 killer bees (D:8)
  5 howler monkeys
  2 human zombies (Ossuary)
  A centaur zombie (Ossuary)
  3 hounds
  3 jellies
  2 gnoll boudas
  An orc priest (D:4)
  Ijyb (D:4)
  A sleepcap (D:7)
  2 iguanas
  An orc wizard (D:7)
  2 mummies (Ossuary)
  20 gnolls
  11 adders
  2 white imps (D:6)
  2 ufetubi
  An adder zombie (Ossuary)
  2 worms
  5 dart slugs
  10 orcs
  4 endoplasms (D:1)
  4 giant cockroaches
  6 goblins
  5 hobgoblins
  12 jackals
  5 quokkas
  7 ball pythons
  3 bats
  A frilled lizard (D:1)
  A gnoll zombie (D:4)
  A goblin zombie (Ossuary)
  7 hobgoblin zombies (Ossuary)
  2 jackal zombies (Ossuary)
  7 kobolds
  11 kobold zombies (Ossuary)
  10 orc zombies (Ossuary)
  6 rats
  2 rat zombies (Ossuary)
196 creatures vanquished.

Notes
Turn   | Place    | Note
-------+----------+-------------------------------------------
     0 | D:1      | thirtiethelement the Demonspawn Hunter began the quest for
                  | the Orb.
     0 | D:1      | Reached XP level 1. HP: 16/16 MP: 1/1
   145 | D:1      | Gained mutation: A meltable shield of frost defends you.
                  | (SH +4) [demonic ancestry]
   145 | D:1      | Reached XP level 2. HP: 22/22 MP: 2/2
   152 | D:1      | Found a faded altar of an unknown god.
   158 | D:1      | Got Plato's Treatise on Ill Luck
   159 | D:1      | Prayed at the altar of an unknown god.
   159 | D:1      | Became a worshipper of Trog the Wrathful
   159 | D:1      | Reached * piety under Trog
   369 | D:1      | Reached XP level 3. HP: 5/27 MP: 3/3
  1386 | D:2      | Reached skill level 1 in Short Blades
  1438 | D:2      | Gained mutation: A meltable icy envelope protects you from
                  | harm. (AC +8) [demonic ancestry]
  1438 | D:2      | Reached XP level 4. HP: 34/34 MP: 4/4
  1440 | D:2      | Reached ** piety under Trog
  1570 | D:3      | You fall into a shaft and drop 3 floors!
  1574 | D:6      | Noticed Jeremiah
  1601 | D:6      | Reached skill level 1 in Stealth
  1703 | D:6      | Noticed an ogre
  1703 | D:6      | Noticed an ogre
  1763 | D:5      | Entered Level 5 of the Dungeon
  1790 | D:5      | Reached skill level 1 in Armour
  1882 | D:4      | Noticed a scorpion
  1907 | D:4      | Killed a scorpion
  1908 | D:4      | Gained mutation: You have large cloven feet. [demonic
                  | ancestry]
  1908 | D:4      | Reached XP level 5. HP: 7/39 MP: 5/5
  1912 | D:4      | Reached skill level 2 in Short Blades
  1957 | D:4      | Reached skill level 1 in Shields
  2106 | D:4      | Gained mutation: You have hoof-like feet. [demonic
                  | ancestry]
  2106 | D:4      | Reached XP level 6. HP: 46/46 MP: 6/6
  2121 | D:4      | Noticed Ijyb
  2138 | D:4      | Paralysed by Ijyb for 3 turns
  2151 | D:4      | Killed Ijyb
  2232 | D:4      | Found a sand-covered staircase.
  2238 | Ossuary  | Entered an ossuary
  2312 | Ossuary  | Reached *** piety under Trog
  2520 | Ossuary  | Reached skill level 3 in Short Blades
  2758 | D:4      | Found a staircase to the Ecumenical Temple.
  2902 | D:4      | Gained mutation: A meltable icy envelope protects you from
                  | harm. (AC +8) [demonic ancestry]
  2902 | D:4      | Reached XP level 7. HP: 36/52 MP: 7/7
  3054 | D:4      | Reached **** piety under Trog
  3055 | D:4      | Reached skill level 4 in Short Blades
  3471 | D:5      | Found an ornate altar of the Wu Jian Council.
  3610 | D:5      | Found a runed translucent gate.
  3610 | D:5      | Found a runed translucent gate.
  3610 | D:5      | Found a runed translucent gate.
  3612 | D:5      | Noticed Iich's ghost (novice DsSh)
  3670 | D:5      | Reached skill level 5 in Short Blades
  3821 | D:5      | Gained mutation: You are partially covered in razor-sharp
                  | scales. (AC +1, Slay +1) [demonic ancestry]
  3821 | D:5      | Reached XP level 8. HP: 60/60 MP: 8/8
  3882 | D:5      | Identified the +5 whip of Dust {flame, rElec rPois Int+5
                  | Dex-5}
  4061 | D:6      | Reached skill level 6 in Short Blades
  4507 | D:7      | Reached skill level 7 in Short Blades
  4582 | D:7      | Gained mutation: You are mostly covered in razor-sharp
                  | scales. (AC +2, Slay +2) [demonic ancestry]
  4582 | D:7      | Reached XP level 9. HP: 66/66 MP: 9/9
  4726 | D:7      | Reached skill level 5 in Fighting
  4854 | D:7      | Reached skill level 8 in Short Blades
  4901 | D:7      | Found Mecokois's Distillery.
  4904 | D:7      | Bought a potion of degeneration for 13 gold pieces
  4904 | D:7      | Bought a potion of mutation for 104 gold pieces
  4904 | D:7      | Bought a potion of enlightenment for 65 gold pieces
  4904 | D:7      | Bought a potion of invisibility for 104 gold pieces
  4904 | D:7      | Bought a potion of might for 52 gold pieces
  5221 | D:7      | Reached ***** piety under Trog
  5534 | D:8      | Shot with an arrow by a centaur

Illustrated notes

Levels and vault maps discovered:
D:1:      noname_arrival_rooms_in_the_neighbourhood, layout_loops_ring,
          shapermc_ecumenical_altar_rom_forum, hangedman_decor_push
D:2:      layout_basic, hangedman_decor_lopped, minmay_circle_x
D:3:      layout_rooms
D:4:      wad_river_or_something, layout_loops_cross, minmay_temple_entry_mist,
          enter_ossuary_3, minmay_between, uniq_ijyb
D:5:      layout_basic, lemuel_round_altar, ebering_ghost_rock_garden,
          chequers_jeans, minmay_joined_circles
D:6:      layout_loops_ring, grunt_ministairs_8, uniq_jeremiah
D:7:      layout_loops_ring, serial_shops, nicolae_shop_real_fake_doors
D:8:      layout_basic, marbit_many_paths, dpeg_oklobed_lair,
          hangedman_abyss_or_decor_stagger

Skill      XL: |  1  2  3  4  5  6  7  8  9 |
---------------+----------------------------+-----
Dodging        | 2 3 |  3.5
Ranged Weapons | 4 |  4.3
Short Blades   | 1 2 3 5 7 8 |  8.5
Stealth        | 1 |  1.3
Armour         | 1 2 3 4 |  4.6
Shields        | 1 2 3 |  3.6
Fighting       | 3 4 5 |  5.4

Action                     |  1- 3 |  4- 6 |  7- 9 || total
---------------------------+-------+-------+-------++-------
  Melee: Dagger            |   126 |   351 |    39 ||   516
         Punch             |     1 |     3 |     1 ||     5
         Kick              |       |    89 |   101 ||   190
         Rapier            |       |       |   226 ||   226
   Fire: Shortbow          |    19 |       |       ||    19
 Invoke: Berserk           |       |     1 |     2 ||     3
         Trog's Hand       |       |       |     1 ||     1
    Use: Scroll            |       |     8 |     8 ||    16
   Stab: Sleeping          |     1 |       |       ||     1
 Armour: Leather armour    |    11 |       |       ||    11
         Chain mail        |    12 |   153 |   178 ||   343
  Dodge: Dodged            |    80 |   250 |   121 ||   451
  Block: Other             |    20 |    66 |    54 ||   140

Table legend: (Time is in decaauts)
 A = Elapsed time spent in this place.
 B = Non-inter-level travel time spent in this place.
 C = Inter-level travel time spent in this place.
 D = Time resting spent in this place.
 E = Time spent auto-exploring this place.
 F = Levels seen in this place.
 G = Mean time per level.
                   A        B        C        D        E       F      G
               +--------+--------+--------+--------+--------+-----+--------+
         Total |   5466 |   5340 |    126 |     37 |   3504 |   9 |  607.3 |
       Dungeon |   5144 |   5018 |    126 |     37 |   3469 |   8 |  643.0 |
       Ossuary |    322 |    322 |      0 |      0 |     35 |   1 |  322.0 |
               +--------+--------+--------+--------+--------+-----+--------+

Top non-repeatable levels by time:
     D:4: 1069 daAuts
     D:7: 1001 daAuts
     D:5: 830 daAuts
     D:1: 783 daAuts
     D:2: 751 daAuts
     D:6: 646 daAuts
 Ossuary: 322 daAuts
     D:3: 34 daAuts
     D:8: 27 daAuts
